 Dungeon Crawl Stone Soup version 0.27-a0-1191-g601b473118 (webtiles) character file.

Game seed: 11778601463223496830

1206 Sobieck the Spear-Bearer (level 8, -11/56 HPs)
             Began as a Merfolk Gladiator on May 23, 2021.
             Was a Follower of Ru.
             Mangled by a two-headed ogre
             ... wielding a +0 giant club
              (16 damage)
             ... on level 5 of the Dungeon.
             The game lasted 00:10:33 (6235 turns).

Sobieck the Spear-Bearer (Merfolk Gladiator)        Turns: 6235, Time: 00:10:34

Health: -11/56     AC: 15    Str: 14    XL:     8   Next: 45%
Magic:  0/8        EV: 12    Int:  7    God:    Ru [*.....]
Gold:   315        SH:  0    Dex: 18    Spells: 7/7 levels left

rFire    . . .     SeeInvis .   a - +0 halberd {polearm}
rCold    + . .     Faith    .   (shield currently unavailable)
rNeg     . . .     Spirit   +   z - +5 ring mail of Fun {rC+}
rPois    .         Reflect  .   c - +2 helmet
rElec    .         Harm     .   g - +0 cloak
rCorr    .         Rampage  .   i - +0 pair of gloves
Will     .....                  (no boots)
Stlth    +.........             E - amulet of guardian spirit
HPRegen  0.18/turn              (no ring)
MPRegen  0.11/turn              (no ring)

@: no status effects
A: hated by all, (nimble swimmer 2), mertail
a: Renounce Religion


You were on level 5 of the Dungeon.
You worshipped Ru.
Ru was aware of your devotion.
You visited 1 branch of the dungeon, and saw 6 of its levels.

You collected 315 gold pieces.


Innate Abilities, Weirdness & Mutations

You are hated by all.
((You are quick and stealthy near water. (Stealth+, EV+, Speed+++)))
Your lower body shifts to a powerful aquatic tail in water.


   Skills:
 - Level 2.1 Fighting
 + Level 14.0 Polearms
 - Level 2.0 Throwing
 - Level 4.0 Dodging


You had 7 spell levels left.
You didn't know any spells.
Your spell library contained the following spells:

 Spells                   Type           Power      Damage    Failure   Level
 Pain                     Necr           0%         1d4       67%         1

Inventory:

Hand Weapons
 a - a +0 halberd (weapon) {polearm}
   (You took it off a gnoll on level 5 of the Dungeon)
 p - a +0 short sword of speed {short}
   (You took it off an orc on level 5 of the Dungeon)
 s - a +0 vorpal war axe {axe}
   (You took it off an orc on level 5 of the Dungeon)
 t - a +1 falchion of holy wrath {long}
   (You took it off an orc on level 5 of the Dungeon)
 u - a +0 dagger of draining {short}
   (You took it off an orc on level 5 of the Dungeon)
 C - a +0 dagger of draining {short}
   (You took it off an orc wizard on level 4 of the Dungeon)
 I - a +3 hand axe {axe}
   (You took it off an orc priest on level 6 of the Dungeon)
 J - the +10 dagger "Lumemn" {vorpal, rElec rN++ Str+4 Int+2, short}
   (You found it on level 6 of the Dungeon)

   It inflicts extra damage upon your enemies.
   It affects your strength (+4).
   It affects your intelligence (+2).
   It insulates you from electricity.
   It greatly protects you from negative energy.
 K - a +1 trident {polearm}
Missiles
 d - 3 throwing nets {=f!fthrowing}
 e - 94 stones {throwing}
 f - 12 bolts
 j - 93 arrows
 m - 41 poisoned darts (quivered) {throwing}
 y - 8 javelins {throwing}
 A - 5 boomerangs {throwing}
 G - 21 sling bullets
Armour
 b - a +0 leather armour
 c - a +2 helmet (worn)
 g - a +0 cloak (worn)
   (You found it on level 3 of the Dungeon)
 i - a +0 pair of gloves (worn)
   (You found it on level 3 of the Dungeon)
 o - a scarf of resistance
   (You found it on level 4 of the Dungeon)
 z - the +5 ring mail of Fun (worn) {rC+}
   (You found it on level 5 of the Dungeon)

   It protects you from cold.
Jewellery
 E - an amulet of guardian spirit (around neck)
   (You found it on level 6 of the Dungeon)
Wands
 h - a wand of flame (7)
   (You took it off a kobold on level 3 of the Dungeon)
 F - a wand of digging (3)
   (You found it on level 5 of the Dungeon)
 L - a wand of iceblast (9)
   (You found it on level 6 of the Dungeon)
Scrolls
 v - 2 scrolls of teleportation {@r4}
 w - 4 scrolls of identify {@r1}
 x - 2 scrolls of fear
 H - a scroll of blinking {unknown}
Potions
 k - 2 potions of flight
 l - a potion of brilliance
 n - 2 potions of heal wounds {@q2}
 q - 4 potions of curing {unknown}
 r - a potion of cancellation {unknown}
 B - a potion of mutation {unknown}
 D - 2 potions of ambrosia {unknown}

Dungeon Overview and Level Annotations

Branches:
Dungeon (6/15)
 Temple: D:4-7

Altars:
Ru
Sif Muna
Uskayaw
Vehumet
Xom

Shops:
D:5 !

Annotations:
D:6 1 runed translucent door, Orlauf's ghost, novice DsGl

#.# #.# #.# #.# #.#
#.# #.# #.####### #.#
#.......# #.#
#.......# #.#
#.......#
###[#######.########
#.O@รท...............
#.#[#############...
#.#.............'...
#.###############...
#.# #...
#.############ ####
#.#..........# #...
#.#..........# #...
#.#..........# #...


You could see a two-headed ogre.


Message History

The scorpion closely misses you.
You barely miss the phantom. The phantom hits you.
The phantom blinks!
You blink. ๐Ÿ˜• HP[-3] MP[-1]
You take 3 damage, and now have 48/56 hp.
You lost 1 mp, and now have 7/8 mp.
You closely miss the phantom.
The phantom barely misses you. ๐Ÿ˜• HP[+1]
You puncture the phantom! The phantom hits you.
The scorpion barely misses you. ๐Ÿ˜• HP[-5] MP[-1]
You take 5 damage, and now have 44/56 hp.
You lost 1 mp, and now have 6/8 mp.
Unknown command.
You puncture the scorpion!
You kill the scorpion!
The scorpion stings you.
The phantom hits you but does no damage. ๐Ÿ˜ฎ HP[-4] MP[-1]
You take 4 damage, and now have 40/56 hp.
You lost 1 mp, and now have 5/8 mp.
Unknown command.
You slash the phantom!
You destroy the phantom!
The scorpion stings you but does no damage.
You barely miss the scorpion.
The scorpion stings you but does no damage.
You closely miss the scorpion. The scorpion misses you.
You hit the scorpion. You puncture the scorpion!
The scorpion closely misses you. ๐Ÿ˜ฎ HP[+1]
You closely miss the scorpion. The scorpion stings you.
You are poisoned.
The scorpion poisons you! ๐Ÿ˜ฎ HP[-1]
You take 1 damage, and now have 40/56 hp.
You slash the scorpion!
You kill the scorpion!
You feel sick.
Your Polearms skill increases to level 14! ๐Ÿ˜ฎ HP[-2] MP[+1]
You take 2 damage, and now have 38/56 hp.
You start resting.
You feel sick. x6
You are no longer poisoned. ๐Ÿ˜ฎ HP[-4] MP[+2]
You take 4 damage, and now have 34/56 hp.
Your mp is fully restored (8).
Unknown command. ๐Ÿ˜ฎ HP[+1]
w - 4 scrolls of identify {@r1} (gained 1)
You start resting. ๐Ÿ˜Ž HP[+21]
Your hp is fully restored (56).
e - 94 stones {throwing} (gained 12)
You now have 315 gold pieces (gained 17).
m - 41 poisoned darts {throwing} (gained 21)
j - 93 arrows (gained 24)
You open the door.
An adder, a two-headed ogre and a zombie come into view.
There is a stone staircase leading up here.
Reach: a) +0 halberd {polearm}
Press: ? - help, Dir - move target, f - two-headed ogre
Aim: a two-headed ogre, wielding two +0 giant clubs (about 23% to evade your +0 halberd)
You reach to attack!
You hit the two-headed ogre.
The centaur warrior zombie hits you but does no damage.
The centaur warrior zombie kicks you.
The two-headed ogre hits you with a +0 giant club!
The two-headed ogre hits you but does no damage.
The centaur warrior zombie hits you but does no damage.
The centaur warrior zombie kicks you but does no damage.
You climb upwards.
There is a stone staircase leading down, spattered with blood here. ๐Ÿ˜• HP[-7] MP[-1]
You take 7 damage, and now have 49/56 hp.
You lost 1 mp, and now have 7/8 mp.
You puncture the two-headed ogre!
You hit the two-headed ogre but do no damage.
The two-headed ogre misses you.
The two-headed ogre hits you with a +0 giant club. ๐Ÿ˜• MP[-1]
You lost 1 mp, and now have 6/8 mp.
You puncture the two-headed ogre!
The two-headed ogre hits you with a +0 giant club! x2
* * * LOW HITPOINT WARNING * * *
๐Ÿ˜จ HP[-27] MP[-4]
You take 27 damage, and now have 22/56 hp.
MASSIVE DAMAGE!! (PAUSE)
You lost 4 mp, and now have 2/8 mp.
You hit the two-headed ogre.
Unknown command.
You barely miss the two-headed ogre. The two-headed ogre closely misses you.
The two-headed ogre hits you with a +0 giant club!!
* * * LOW HITPOINT WARNING * * *
๐Ÿ˜ฑ HP[-17] MP[-1]
You take 17 damage, and now have 5/56 hp.
MASSIVE DAMAGE!! (PAUSE)
You lost 1 mp, and now have 1/8 mp.
You hit the two-headed ogre. You slash the two-headed ogre!
The two-headed ogre hits you with a +0 giant club!
You die...

Skill      XL: |  1  2  3  4  5  6  7  8 |
---------------+-------------------------+-----
Polearms       | 5 6 8 9 11 12 14 | 14.0
Fighting       | |  2.1
Throwing       | |  2.0
Dodging        | |  4.0

Action                   |  1- 3 |  4- 6 |  7- 9 || total
-------------------------+-------+-------+-------++-------
Melee: Trident           |   113 |   196 |   102 ||   411
       Tailslap          |       |     3 |       ||     3
       Halberd           |       |       |    59 ||    59
Throw: Dart              |       |     5 |     7 ||    12
Invok: Sacrifice Love    |       |     1 |       ||     1
  Use: Scroll            |     3 |     9 |       ||    12
 Stab: Sleeping          |     4 |     1 |       ||     5
       Distracted        |       |     1 |       ||     1
Armor: Leather armour    |    20 |    41 |     3 ||    64
       Ring mail         |       |       |    49 ||    49
Dodge: Dodged            |    58 |    65 |    71 ||   194

Levels and vault maps discovered:
D:1:      kb_arrival_jail, layout_basic
D:2:      layout_rooms, minmay_increasing_density
D:3:      layout_loops_ring, eat_drink_and_be_merry_uskayaw, lemuel_tele_altar,
          vehumet_altar_wand_db
D:4:      layout_basic, led_sif_book
D:5:      layout_basic, serial_shops, shop
D:6:      layout_rooms, nicolae_qazlal_eye_of_the_storm, ebering_ghost_xom,
          grunt_potential

Notes
Turn   | Place    | Note
-------+----------+-------------------------------------------
     0 | D:1      | Sobieck the Merfolk Gladiator began the quest for the Orb.
     0 | D:1      | Reached XP level 1. HP: 16/16 MP: 1/1
     0 | D:1      | magus.rc [v1.9.6]
     2 | D:1      | Noticed a spriggan
     4 | D:1      | Noticed a vampire
     4 | D:1      | Noticed a tengu
     6 | D:1      | Noticed a felid
     6 | D:1      | Noticed a naga
     8 | D:1      | Noticed a troll
     8 | D:1      | Noticed a merfolk
    10 | D:1      | Noticed a dwarf
    10 | D:1      | Noticed a minotaur
    12 | D:1      | Noticed an octopode
    12 | D:1      | Noticed a palentonga
    14 | D:1      | Noticed a formicid
    14 | D:1      | Noticed a barachi
    16 | D:1      | Noticed a draconian
    16 | D:1      | Noticed a human
    18 | D:1      | Noticed a centaur
    18 | D:1      | Noticed a demigod
    20 | D:1      | Noticed a gargoyle
    20 | D:1      | Noticed a demonspawn
    24 | D:1      | Noticed a vine stalker
    24 | D:1      | Noticed an elf
    26 | D:1      | Noticed a ghoul
    26 | D:1      | Noticed an ogre
   155 | D:1      | HP: 2/16 [worm (10)]
   171 | D:1      | Reached skill level 5 in Polearms
   171 | D:1      | Reached XP level 2. HP: 5/22 MP: 2/2
   587 | D:3      | Found a radiant altar of Vehumet.
  1117 | D:1      | Reached skill level 6 in Polearms
  1117 | D:1      | Reached XP level 3. HP: 27/27 MP: 3/3
  1683 | D:2      | Reached XP level 4. HP: 33/33 MP: 4/4
  1718 | D:2      | Reached skill level 7 in Polearms
  2156 | D:3      | Found a sacrificial altar of Ru.
  2248 | D:3      | Became a worshipper of Ru the Awakened
  2314 | D:3      | Found a hide-covered altar of Uskayaw.
  2974 | D:4      | Reached skill level 8 in Polearms
  3031 | D:4      | Reached XP level 5. HP: 38/38 MP: 5/5
  3182 | D:5      | Entered Level 5 of the Dungeon
  3640 | D:4      | Found a shimmering blue altar of Sif Muna.
  3786 | D:4      | Reached skill level 9 in Polearms
  3795 | D:4      | Reached XP level 6. HP: 21/44 MP: 6/6
  3795 | D:4      | Identified Sif Muna's Grimoire of Darkness
  4263 | D:5      | Reached skill level 10 in Polearms
  4472 | D:5      | Gained mutation: You are hated by all. [Ru sacrifice]
  4472 | D:5      | Reached * piety under Ru
  4529 | D:5      | Noticed an ice beast
  4548 | D:5      | Killed an ice beast
  4549 | D:5      | Reached skill level 11 in Polearms
  4549 | D:5      | Reached XP level 7. HP: 19/50 MP: 7/7
  4898 | D:5      | Identified the +5 ring mail of Fun {rC+}
  5064 | D:5      | Reached skill level 12 in Polearms
  5313 | D:5      | Found Laicru's Distillery.
  5496 | D:5      | Reached XP level 8. HP: 37/56 MP: 4/8
  5603 | D:6      | Reached skill level 13 in Polearms
  5608 | D:6      | Identified the +10 dagger "Lumemn" {vorpal, rElec rN++
                  | Str+4 Int+2}
  5688 | D:6      | Found a runed translucent door.
  5690 | D:6      | Found a shimmering altar of Xom.
  5690 | D:6      | Noticed a +0 spear of chaos
  5690 | D:6      | Noticed Orlauf's ghost (novice DsGl)
  5978 | D:6      | Reached skill level 14 in Polearms
  6201 | D:6      | Noticed a two-headed ogre
  6233 | D:5      | HP: 5/56 [two-headed ogre/+0 giant club (17)]
  6235 | D:5      | Mangled by a two-headed ogre

Vanquished Creatures
  An ice beast (D:5)
  An ogre (D:5)
  2 phantoms
  A water moccasin zombie (D:5)
  3 scorpions
  A centaur zombie (D:5)
  2 hounds
  An orc priest (D:6)
  A bullfrog zombie (D:5)
  A gnoll shaman (D:6)
  6 iguanas
  5 orc wizards
  4 gnolls
  6 adders
  A white imp (D:5)
  An adder skeleton (D:4)
  2 worms
  6 dart slugs
  8 orcs
  3 ball pythons
  3 endoplasms
  6 giant cockroaches
  8 goblins
  7 hobgoblins
  4 jackals
  6 kobolds
  3 quokkas
  4 bats
  3 frilled lizards
  4 rats
104 creatures vanquished.

Table legend:
 A = Non-vault XP
 B = Vault XP
 C = Vault XP percentage of total XP
 D = Non-vault monster count
 E = Vault monster count
 F = Vault count percentage of total count
                 A         B        C        D         E       F
            +---------+---------+-------+---------+---------+-------
      Total |    1629 |      94 |   5.5 |      93 |      11 |  10.6
            +---------+---------+-------+---------+---------+-------
        D:1 |      34 |       0 |   0.0 |      17 |       0 |   0.0
        D:2 |      29 |      28 |  49.1 |      14 |       8 |  36.4
        D:3 |      37 |       1 |   2.6 |      13 |       1 |   7.1
        D:4 |     121 |      65 |  34.9 |      13 |       2 |  13.3
        D:5 |     891 |       0 |   0.0 |      25 |       0 |   0.0
        D:6 |     517 |       0 |   0.0 |      11 |       0 |   0.0
            +---------+---------+-------+---------+---------+-------

Illustrated notes

Table legend:
 A = Kills in this place as a percentage of kills in entire the game.
 B = Kills by you in this place as a percentage of kills by you in the entire game.
 C = Kills by friends in this place as a percentage of kills by friends in the entire game.
 D = Other kills in this place as a percentage of other kills in the entire game.
 E = Experience gained in this place as a percentage of experience gained in the entire game.
 F = Experience gained in this place divided by the number of levels of this place that you have seen.
                   A       B       C       D       E      F
               +-------+-------+-------+-------+-------+----------------------
         Total | 100.0 | 100.0 |   N/A |   N/A | 100.0 | 287.2
       Dungeon | 100.0 | 100.0 |   N/A |   N/A | 100.0 | 287.2
               +-------+-------+-------+-------+-------+----------------------

Table legend: (Time is in decaauts)
 A = Elapsed time spent in this place.
 B = Non-inter-level travel time spent in this place.
 C = Inter-level travel time spent in this place.
 D = Time resting spent in this place.
 E = Time spent auto-exploring this place.
 F = Levels seen in this place.
 G = Mean time per level.
                   A        B        C        D        E       F      G
               +--------+--------+--------+--------+--------+-----+--------+
         Total |   6186 |   5739 |    447 |   1587 |   3141 |   6 | 1031.0 |
       Dungeon |   6186 |   5739 |    447 |   1587 |   3141 |   6 | 1031.0 |
               +--------+--------+--------+--------+--------+-----+--------+

Top non-repeatable levels by time:
     D:5: 1597 daAuts
     D:4: 1396 daAuts
     D:1: 1184 daAuts
     D:2: 746 daAuts
     D:3: 739 daAuts
     D:6: 522 daAuts
